 Dungeon Crawl Stone Soup version 0.17-a0-1701-gf693a3f (webtiles) character file.

117 hexophile the Charlatan (level 5, 0/29 HPs)
             Began as a Kobold Artificer on Aug 22, 2015.
             Slain by a killer bee zombie (5 damage)
             ... on level 6 of the Dungeon.
             The game lasted 00:05:43 (1128 turns).

hexophile the Charlatan (Kobold Artificer)          Turns: 1128, Time: 00:05:43

Health: 0/29       AC:  3    Str: 11    XL:     5   Next: 22%
Magic:  9/10       EV: 14    Int: 10    God:
Gold:   37         SH:  0    Dex: 16    Spells: 0 memorised, 4 levels left

rFire  . . .     SeeInvis .     a - +0 short sword
rCold  . . .     Clarity  .     b - +0 leather armour
rNeg   . . .     SustAt   .     (shield restricted)
rPois  .         Gourm    .     (no helmet)
rElec  .         Spirit   .     (no cloak)
rCorr  .         Warding  .     (no gloves)
rMut   .         Stasis   .     (no boots)
MR     .....                    (no amulet)
Stlth  ++........               (no ring)
                                h - ring of wizardry

@: not resistant to hostile enchantments, unstealthy
A: carnivore 3
a: no special abilities


You were on level 6 of the Dungeon.
You were very full.

You visited 1 branch of the dungeon, and saw 6 of its levels.

You collected 37 gold pieces.

Inventory:

Hand weapons
 a - a +0 short sword (weapon)
 j - a +0 shortbow
 n - a +2 dagger of speed
Missiles
 i - 2 throwing nets (quivered)
 k - 11 arrows
Armour
 b - a +0 leather armour (worn)
 l - a +0 cloak
Jewellery
 h - a ring of wizardry (left hand)
Magical devices
 c - a wand of flame (3)
 d - a wand of enslavement (4)
 e - a wand of random effects (13)
Scrolls
 m - 3 scrolls of random uselessness {unknown}
 o - a scroll of fog {unknown}
 p - a scroll of identify {unknown}
Comestibles
 f - a meat ration
 g - a beef jerky


   Skills:
 - Level 1.1 Fighting
 - Level 1.3 Short Blades
 - Level 2.4 Dodging
 - Level 1.3 Stealth
 + Level 6.6 Evocations


You had 4 spell levels left.
You didn't know any spells.

Dungeon Overview and Level Annotations

Branches:
Dungeon (6/15)
 Temple: D:4-7

Altars:
Makhleb


Innate Abilities, Weirdness & Mutations

You are small and have problems with some larger weapons.
You are carnivorous and can eat meat at any time.


Message History

Orders for allies: a - Attack new target. p - Attack previous target. r - Retreat! s - Stop attacking. w - Wait here. f - Follow me.
Anything else - Stay silent.
Gang up on whom?
Press: ? - help, Dir - move target cursor, f - killer bee zombie, p - giant frog skeleton
Aim: a killer bee zombie Attack!
Your jelly hits the killer bee zombie.
The killer bee zombie is splashed with acid.
The acid corrodes the killer bee zombie!
The giant frog skeleton hits your worker ant.
Unknown command.
You hit the killer bee zombie but do no damage.
The killer bee zombie misses you.
Your jelly barely misses the killer bee zombie.
Your worker ant bites the killer bee zombie.
The killer bee zombie hits you but does no damage.
Unknown command.
You hit the killer bee zombie. The killer bee zombie hits you.
You die...

..# ###.......
..####......... ....
.#...##.# ## #.. #......$#
..####.##.#.##..#
...#......##..# .
##.##..##.##..#
.#####......##..#..####
..[.....###.###.@Z....#
#.....#...#..####Ja##....#
#.....###...... #Z.# ....
#.....# #......#..# .#
##...#####.####.#..#
##........# ....#
.##........####.....
...............)....
###........#####....$


You could see a killer bee zombie, a giant frog skeleton, a friendly jelly and a
friendly worker ant.

Vanquished Creatures
  A hound (D:5)
  A worker ant (D:5)
  A giant gecko (D:3)
  A giant cockroach (D:1)
  A hobgoblin (D:3)
  A kobold (D:1)
  A goblin (D:3)
7 creatures vanquished.

Vanquished Creatures (collateral kills)
  Dowan (D:5)
  A giant frog skeleton (D:5)
  A worker ant (D:5)
  An ooze (D:6)
  2 jackals (D:6)
6 creatures vanquished.

Vanquished Creatures (others)
  Duvessa (D:5)
  A giant frog skeleton (D:5)
  A worker ant (D:5)
  An adder (D:5)
4 creatures vanquished.

Grand Total: 17 creatures vanquished

Notes
Turn   | Place    | Note
--------------------------------------------------------------
     0 | D:1      | hexophile the Kobold Artificer began the quest for the Orb.
     0 | D:1      | Reached XP level 1. HP: 12/12 MP: 3/3
   227 | D:3      | Reached skill level 4 in Evocations
   229 | D:3      | Reached XP level 2. HP: 12/16 MP: 5/5
   329 | D:4      | Found a burning altar of Makhleb.
   333 | D:5      | Entered Level 5 of the Dungeon
   486 | D:5      | Reached skill level 5 in Evocations
   486 | D:5      | Reached XP level 3. HP: 20/20 MP: 6/6
   680 | D:5      | Reached XP level 4. HP: 6/25 MP: 6/8
   960 | D:5      | Noticed Duvessa
   960 | D:5      | Noticed Dowan
   977 | D:5      | Killed Dowan
   977 | D:5      | Reached skill level 6 in Evocations
  1009 | D:5      | Noticed a scorpion
  1015 | D:5      | Reached XP level 5. HP: 17/29 MP: 9/9
  1024 | D:5      | Duvessa (ally) was killed
  1024 | D:5      | Your ally died
  1128 | D:6      | Slain by a killer bee zombie

Vault maps used:
D:1:      shiori_arrival_elements
D:2:      serial_curves, eino_curves_04, eino_curves_02, eino_curves_01,
          eino_curves_04, kennysheep_generic_room_15, uniq_crazy_yiuf_cottage,
          uniq_sigmund
D:3:      minmay_vboxes, uniq_natasha
D:4:      overflow_temple_1_default, minmay_temple_entry_fiery, first_bread
D:5:      serial_shops, shop_fountains, uniq_duvessa
D:6:      basic_altar, kennysheep_generic_room_2

Action                   |  1- 3 |  4- 6 || total
-------------------------+-------+-------++-------
Melee: Short sword       |    13 |     4 ||    17
Evoke: Wand              |    10 |    15 ||    25
  Use: Scroll            |       |     1 ||     1
 Stab: Sleeping          |     1 |       ||     1
  Eat: Chunk             |     5 |     3 ||     8
